Match 46667473
Unlisted

Match 46667473
End
Pioneer Squad
Construct Infanterie Kompanie
Grenadier Squad
MG 42 Machine Gun Team
MG 42 Machine Gun Team
Infanterie Officer Quarters
Grenadier Squad
Construct Panzergrenadier Kompanie
Selects Breakthrough Battlegroup
Selects Rapid Production
Selects Assault Grenadiers
Construct Luftwaffe Kompanie
Selects Breakthrough
221 Scout Car
Pioneer Squad
Breakthrough
Jäger Squad
Support Elements
Wirbelwind Flakpanzer
Breakthrough
Medical Station
Selects Mechanized Assault Group
Wirbelwind Flakpanzer
Marder III M Tank Destroyer
Selects Blitzkrieg
Blitzkrieg
Breakthrough
Marder III M Tank Destroyer
Marder III M Tank Destroyer
Luftwaffe Officer Quarters
Breakthrough
Blitzkrieg
Selects Tiger Heavy Tank
Tiger Heavy Tank
Eilte
赵天天001
K̳itsuné
aSIIDemolitionHammer
0
0

Comments sign in to comment!

No comments posted yet!